 Dungeon Crawl Stone Soup version 0.24-a0-140-gcaa6c10b7c (webtiles) character file.

Game seed: 0

1299 Hercules1031 the Skirmisher (level 8, -5/63 HPs)
             Began as a Demonspawn Fighter on Mar 4, 2019.
             Was an Initiate of Ashenzari.
             Killed by divine providence
             ... invoked by an orc priest
              (10 damage)
             ... on level 6 of the Dungeon on Mar 8, 2019.
             The game lasted 00:12:14 (4066 turns).

Hercules1031 the Skirmisher (Demonspawn Fighter)    Turns: 4066, Time: 00:12:14

Health: -5/63      AC: 14    Str: 18    XL:     8   Next: 31%
Magic:  0/8        EV:  8    Int: 16    God:    Ashenzari [......]
Gold:   282        SH: 11    Dex: 12    Spells: 7/7 levels left

rFire    + + .     SeeInvis .   a - +0 war axe
rCold    + . .     Gourm    .   s - +2 shield of Resistance {rF+ rC+ MR+}
rNeg     . . .     Faith    .   b - +0 scale mail
rPois    .         Spirit   +   (no helmet)
rElec    .         Reflect  .   (no cloak)
rCorr    .         Harm     .   t - +0 pair of gloves
MR       +....                  (no boots)
Stlth    +.........             (no amulet)
HPRegen  0.20/turn              g - ring of protection from fire
MPRegen  0.11/turn              h - +5 ring of intelligence

@: sanguine armour, drained
A: talons 1, nightstalker 1, magic shield, sanguine armour 1
a: Curse Item, Renounce Religion


You were on level 6 of the Dungeon.
You worshipped Ashenzari.
Ashenzari was noncommittal.
You were not hungry.

You visited 2 branches of the dungeon, and saw 7 of its levels.

You collected 282 gold pieces.

Inventory:

Hand Weapons
 a - a +0 war axe (weapon)
Armour
 b - a +0 scale mail (worn)
 c - a +0 shield
 s - the +2 shield of Resistance (worn) {rF+ rC+ MR+}
   (You found it on level 4 of the Dungeon)

   It protects you from fire.
   It protects you from cold.
   It affects your resistance to hostile enchantments.
 t - a +0 pair of gloves (worn)
Jewellery
 d - an uncursed ring of stealth
 g - a ring of protection from fire (left hand)
 h - a +5 ring of intelligence (right hand)
 v - an uncursed ring of fire
Wands
 x - a wand of polymorph (10)
 y - a wand of disintegration (6)
Scrolls
 e - 3 scrolls of teleportation
 j - a scroll of immolation {unknown}
 k - a scroll of enchant armour {unknown}
 m - 3 scrolls of magic mapping {unknown}
 p - a scroll of fog {unknown}
 r - a scroll of fear {unknown}
 u - a scroll of blinking {unknown}
 w - a scroll of amnesia {unknown}
Potions
 i - a potion of degeneration {unknown}
 l - a potion of mutation {unknown}
 n - a potion of berserk rage {unknown}
 o - 3 potions of curing
 q - a potion of heal wounds {unknown}
Comestibles
 f - 8 rations


   Skills:
 + Level 5.4(4.2) Fighting
 + Level 4.3(3.2) Axes
 + Level 4.9(3.7) Armour
 + Level 3.8(2.7) Dodging
 + Level 5.0(3.8) Shields


You had 7 spell levels left.
You didn't know any spells.
Your spell library was empty.

Dungeon Overview and Level Annotations

Branches:
Dungeon (6/15)             Temple (1/1) D:4

Altars:
Ashenzari
Dithmenos
Elyvilon
Fedhas
Hepliaklqana
Kikubaaqudgha
Makhleb
Okawaru
Qazlal
Ru
Sif Muna
Trog
Uskayaw
Vehumet
Wu Jian
Xom
Yredelemnul
Zin

Shops:
D:4 *


Innate Abilities, Weirdness & Mutations

You have sharp toenails.
You are slightly more attuned to the shadows.
When hurt, damage is shared between your health and your magic reserves.
When seriously injured, your bleeding wounds create armour. (AC +6)


Message History

* * * LOW HITPOINT WARNING * * *
You block the orc priest's attack. The orc hits you with a +0 club.
* * * LOW HITPOINT WARNING * * *
The orc hits you with a +0 short sword.
* * * LOW HITPOINT WARNING * * *
You slash the orc!
You kill the orc!
You slash the orc!
You kill the orc!
Your base Shields skill increases to level 5!
You barely miss the orc warrior. You closely miss the orc.
You block the orc priest's attack.
The orc warrior hits you with a +0 war axe!
* * * LOW HITPOINT WARNING * * *
You block the orc's attack. The orc priest misses you.
The orc warrior hits you but does no damage.
The orc closely misses you.
The orc priest invokes the aid of Beogh against you.
Beogh smites you!
You die...

#####. ###.....
##.###########...####
###....................
..........######.######
..........# ##.#
#.........# ##..######
#.....))..####...^...#.
......@.........###....
.#...ooo...............
#..........##.######..
#..........##.# #..
...............# ###..
.............######....
............###........
........# #........
.......# #........


You could see an orc warrior, an orc priest and an orc.

Vanquished Creatures
  Duvessa (D:5)
  A sky beast (D:5)
  A centaur (D:5)
  A phantom (D:3)
  Blork the orc (D:4)
  Dowan (D:5)
  2 scorpions
  3 wights (D:6)
  4 hounds
  A bullfrog skeleton (D:4)
  A gnoll shaman (D:4)
  A centaur skeleton (D:5)
  Jessica (D:2)
  An iguana (D:4)
  Natasha (twice) (D:4)
  A worker ant (D:5)
  12 gnolls
  2 adders
  2 shadow imps (D:5)
  2 oozes
  An adder zombie (D:5)
  2 worms
  A dart slug (D:4)
  2 leopard geckos
  17 orcs
  3 bats
  6 giant cockroaches
  10 goblins
  6 hobgoblins
  3 jackals (D:1)
  6 kobolds
  6 quokkas
  A ball python (D:3)
  4 frilled lizards
  A leopard gecko skeleton (D:4)
  A leopard gecko zombie (D:5)
  9 rats
120 creatures vanquished.

Notes
Turn   | Place    | Note
-------+----------+-------------------------------------------
     0 | D:1      | Hercules1031 the Demonspawn Fighter began the quest for the
                  | Orb.
     0 | D:1      | Reached XP level 1. HP: 18/18 MP: 1/1
   277 | D:1      | Gained mutation: When hurt, damage is shared between your
                  | health and your magic reserves. [demonic ancestry]
   277 | D:1      | Reached XP level 2. HP: 21/24 MP: 2/2
   683 | D:2      | Found a white marble altar of Elyvilon.
   801 | D:2      | Reached XP level 3. HP: 29/29 MP: 3/3
   809 | D:2      | Noticed Jessica
   816 | D:2      | Found a shimmering altar of Xom.
   818 | D:2      | Killed Jessica
   818 | D:2      | Reached skill level 1 in Dodging
   872 | D:2      | Found a radiant altar of Vehumet.
   882 | D:2      | Reached XP level 4. HP: 35/35 MP: 4/4
   898 | D:2      | Found a bloodstained altar of Trog.
  1193 | D:3      | Noticed a phantom
  1249 | D:3      | Killed a phantom
  1249 | D:3      | Gained mutation: You have sharp toenails. [demonic
                  | ancestry]
  1249 | D:3      | Reached XP level 5. HP: 22/42 MP: 3/5
  1362 | D:3      | Found a glowing silver altar of Zin.
  1743 | D:3      | Found a sacrificial altar of Ru.
  1778 | D:4      | Found the +2 shield of Resistance {rF+ rC+ MR+}
  1880 | D:4      | Reached XP level 6. HP: 10/48 MP: 1/6
  2131 | D:4      | Found a staircase to the Ecumenical Temple.
  2141 | D:4      | Noticed Natasha
  2142 | D:4      | Found Pxulaul's Practical Paraphernalia.
  2150 | D:4      | Killed Natasha
  2191 | Temple   | Entered the Ecumenical Temple
  2293 | Temple   | Became a worshipper of Ashenzari the Shackled
  2387 | D:4      | Noticed Natasha
  2398 | D:4      | Killed Natasha
  2717 | D:4      | Gained mutation: You are slightly more attuned to the
                  | shadows. [demonic ancestry]
  2717 | D:4      | Reached XP level 7. HP: 55/55 MP: 7/7
  2934 | D:4      | Noticed Blork the orc
  2948 | D:4      | Killed Blork the orc
  3149 | D:5      | Entered Level 5 of the Dungeon
  3157 | D:5      | Found an ornate altar of the Wu Jian Council.
  3282 | D:5      | Noticed Dowan
  3284 | D:5      | Noticed Duvessa
  3289 | D:5      | Killed Dowan
  3307 | D:5      | Killed Duvessa
  3307 | D:5      | Reached skill level 5 in Fighting
  3385 | D:5      | Gained mutation: When seriously injured, your bleeding
                  | wounds create armour. (AC +6) [demonic ancestry]
  3385 | D:5      | Reached XP level 8. HP: 29/62 MP: 5/8
  4065 | D:6      | Reached skill level 5 in Shields
  4066 | D:6      | Killed from afar by an orc priest

Levels and vault maps discovered:
D:1:      dpeg_arrival_more_subterranean_lakeside_camping, layout_basic
D:2:      kennysheep_the_goblin_king, layout_basic,
          nicolae_overflow_crystal_walls, lemuel_round_altar,
          grunt_temple_overflow_open, uniq_jessica
D:3:      layout_loops_ring, old_standard_altar, minmay_misc_feat_x,
          minmay_misc_feat_four_crosses, nicolae_ru_the_path_less_chosen
D:4:      layout_loops_ring, minmay_temple_entry_steel_oval,
          nicolae_alphabet_shops, uniq_natasha, uniq_blork_the_orc
D:5:      layout_loops_ring, lemuel_crystal_altar, first_ration, uniq_duvessa
D:6:      minmay_clustersquares, layout_rooms, amethyst_overflow_temple_binary,
          amethyst_killhole
Temple:   nicolae_temple_hex_pool

Skill      XL: |  1  2  3  4  5  6  7  8 |
---------------+-------------------------+-----
Axes           | 2 3 4 |  4.3
Shields        | 3 4 5 |  5.0
Armour         | 3 4 |  4.9
Dodging        | 1 2 3 |  3.8
Fighting       | 4 5 |  5.4

Action                   |  1- 3 |  4- 6 |  7- 9 || total
-------------------------+-------+-------+-------++-------
Melee: War axe           |    74 |   184 |   165 ||   423
       Kick              |       |    28 |    47 ||    75
  Use: Scroll            |       |     4 |       ||     4
       Potion            |       |     5 |     1 ||     6
  Eat: Ration            |       |     2 |     2 ||     4
Armor: Scale mail        |    34 |    91 |    75 ||   200
Dodge: Dodged            |    26 |    72 |    64 ||   162
Block: Shield            |    40 |   120 |   135 ||   295

Table legend:
 A = Non-vault XP
 B = Vault XP
 C = Vault XP percentage of total XP
 D = Non-vault monster count
 E = Vault monster count
 F = Vault count percentage of total count
                 A         B        C        D         E       F
            +---------+---------+-------+---------+---------+-------
      Total |    1476 |     381 |  20.5 |     108 |      12 |  10.0
            +---------+---------+-------+---------+---------+-------
        D:1 |      21 |       0 |   0.0 |      12 |       0 |   0.0
        D:2 |      48 |      50 |  51.0 |      20 |       8 |  28.6
        D:3 |     185 |       0 |   0.0 |      23 |       0 |   0.0
        D:4 |     407 |     122 |  23.1 |      21 |       2 |   8.7
        D:5 |     616 |     209 |  25.3 |      21 |       2 |   8.7
        D:6 |     199 |       0 |   0.0 |      11 |       0 |   0.0
            +---------+---------+-------+---------+---------+-------
